 Dungeon Crawl Stone Soup version 0.22.1-6-g1668fe2c40 (webtiles) character file.

71 Gargoyl the Skirmisher (level 4, -1/40 HPs)
             Began as a Centaur Abyssal Knight on Jan 29, 2019.
             Was a Follower of Lugonu.
             Slain by a scorpion (5 damage)
             ... on level 2 of the Dungeon.
             The game lasted 00:03:04 (1452 turns).

Gargoyl the Skirmisher (Centaur Abyssal Knight)     Turns: 1452, Time: 00:03:05

Health: -1/40      AC: 11    Str: 15    XL:     4   Next: 5%
Magic:  5/5        EV:  8    Int: 11    God:    Lugonu [*.....]
Gold:   135        SH:  0    Dex:  9    Spells: 3/3 levels left

rFire    . . .     SeeInvis .   a - +1 hand axe
rCold    + . .     Gourm    .   (no shield)
rNeg     . . .     Faith    .   f - +1 ring mail
rPois    .         Spirit   .   (no helmet)
rElec    .         Reflect  .   b - +0 cloak
rCorr    .         Harm     .   j - +0 pair of gloves
MR       .....                  (no barding)
Stlth    ..........             (no amulet)
HPRegen  0.13/turn              (no ring)
MPRegen  0.09/turn              (no ring)

@: lethally poisoned (-1 -> -8), very quick
A: large, hooves 3, iridescent scales 1, cold resistance 1, deformed body, speed
2, tough skin 3
a: Depart the Abyss, Renounce Religion


You were on level 2 of the Dungeon.
You worshipped Lugonu.
Lugonu was aware of your devotion.
You were hungry.

You visited 1 branch of the dungeon, and saw 2 of its levels.
You visited the Abyss 1 time.

You collected 135 gold pieces.

Inventory:

Hand Weapons
 a - a +1 hand axe (weapon)
Armour
 b - a +0 cloak (worn)
 f - a +1 ring mail (worn)
 j - a +0 pair of gloves (worn)
Wands
 d - a wand of disintegration (1)
Scrolls
 g - a scroll of enchant weapon {unknown}
 i - 2 scrolls of identify
Potions
 e - a potion of cancellation {unknown}
 h - 2 potions of curing {unknown}
 k - a potion of haste {unknown}
 l - a potion of heal wounds {unknown}
Comestibles
 c - a ration


   Skills:
 + Level 3.9 Fighting
 + Level 2.2 Axes
 * Level 1.8 Armour
 * Level 1.0 Dodging
 * Level 2.3 Invocations
 + Level 0.5 Evocations


You had 3 spell levels left.
You didn't know any spells.
Your spell library was empty.

Dungeon Overview and Level Annotations

Branches:
Dungeon (2/15)

Altars:
Elyvilon


Innate Abilities, Weirdness & Mutations

You have hooves in place of feet.
Armour fits poorly on your strangely shaped body.
You cover ground very quickly.
You have extremely tough skin. (AC +3)
You are partially covered in iridescent scales. (AC +2)
Your flesh is cold resistant. (rC+)


Message History

You are more poisoned.
The scorpion poisons you!
You closely miss the scorpion.
You kick the scorpion, but do no damage.
The scorpion is severely wounded.
You feel sick.
The scorpion stings you but does no damage.
You barely miss the scorpion.
The scorpion is severely wounded.
You feel sick. The scorpion stings you.
You closely miss the scorpion.
The scorpion is severely wounded.
You feel sick. The scorpion stings you.
* * * LOW HITPOINT WARNING * * *
The scorpion barely misses you.
You hit the scorpion but do no damage.
The scorpion is severely wounded.
* * * LOW HITPOINT WARNING * * *
You feel sick. The scorpion stings you.
You die...

...# ####.#
.#.###.. ..##.#
..... ## #.##.#
.#...## #.##.#
.......######.##.#
..............##.#
.................#
#....s..###.<#####
#.@..........#
#..##.###..###.#
## #.# #..# #.#
#...#.# #..# #.#
.P.#.###..###.#
...#..##..##..#
#.##..........#
#.##.........##
##.##.######..#


You could see a scorpion.

Vanquished Creatures
  A human skeleton (Abyss:2)
  An adder (D:2)
  An ooze (D:1)
  A worm (D:2)
  2 leopard geckos (D:1)
  An orc (D:2)
  2 ball pythons (D:1)
  5 goblins
  3 hobgoblins (D:1)
  3 kobolds (D:1)
  3 bats
  A frilled lizard (D:1)
  4 rats (D:1)
28 creatures vanquished.

Notes
Turn   | Place    | Note
-------+----------+-------------------------------------------
     0 | Abyss:1  | Gargoyl the Centaur Abyssal Knight began the quest for the
                  | Orb.
     0 | Abyss:1  | Reached XP level 1. HP: 19/19 MP: 2/2
    87 | Abyss:2  | Reached XP level 2. HP: 27/27 MP: 3/3
    89 | Abyss:2  | Noticed a tentacled starspawn
    94 | D:1      | Escaped the Abyss
   151 | D:1      | Reached XP level 3. HP: 27/33 MP: 4/4
   318 | D:1      | Gained mutation: Your flesh is cold resistant. (rC+)
                  | [potion of mutation]
   318 | D:1      | Gained mutation: You are partially covered in iridescent
                  | scales. (AC +2) [potion of mutation]
   353 | D:1      | Reached * piety under Lugonu
  1142 | D:2      | Reached skill level 1 in Dodging
  1409 | D:2      | Reached XP level 4. HP: 40/40 MP: 5/5
  1410 | D:2      | Found a white marble altar of Elyvilon.
  1452 | D:2      | Slain by a scorpion

Skill      XL: |  1  2  3 |
---------------+----------+-----
Axes           | 2 |  2.2
Dodging        | 1 |  1.0
Fighting       | |  3.9
Armour         | |  1.8
Invocations    | |  2.3
Evocations     | |  0.5

Action                   |  1- 3 |  4- 6 || total
-------------------------+-------+-------++-------
Melee: Hand axe          |    49 |    12 ||    61
       Kick              |     9 |     4 ||    13
Invok: Depart the Abyss  |     1 |       ||     1
Evoke: Wand              |     7 |       ||     7
  Use: Scroll            |     5 |       ||     5
       Potion            |     1 |       ||     1
Armor: Leather armour    |     4 |       ||     4
       Ring mail         |    26 |     2 ||    28
Dodge: Dodged            |    31 |     2 ||    33
